 Dungeon Crawl Stone Soup version 0.19-a0-1254-gb9c29c0 (webtiles) character file.

88011 Leszczynek the Impaler (level 15, -6/120 HPs)
             Began as a Merfolk Wanderer on Aug 27, 2016.
             Was the Champion of Makhleb.
             Killed by angry trees
             ... awakened by a spriggan druid
              (8 damage)
             ... on level 2 of the Swamp.
             The game lasted 01:45:22 (17309 turns).

Leszczynek the Impaler (Merfolk Wanderer)          Turns: 17309, Time: 01:45:23

Health: -6/120     AC: 15    Str: 11    XL:     15   Next: 92%
Magic:  21/21      EV: 37    Int: 15    God:    Makhleb [******]
Gold:   1700       SH:  2    Dex: 25    Spells: 2 memorised, 7 levels left

rFire  + . .     SeeInvis .     a - +5 trident of Awkwardness {venom, rF+ rC+}
rCold  + . .     Gourm    .     U - +0 ring mail {rPois}
rNeg   . . .     Faith    .     (no shield)
rPois  +         Spirit   .     C - +0 helmet
rElec  +         Dismiss  .     u - +1 cloak
rCorr  .         Reflect  .     G - +0 pair of gloves
MR     +....     Harm     .     (boots currently unavailable)
Stlth  +++++..... Clarity  +    (no amulet)
                                w - +3 ring of evasion
                                W - +3 ring of protection

@: agile, about to teleport, very slightly contaminated, hasted, very quick
A: change form in water, swift swim, stealthy swim, large bone plates 1, agile
1, clarity, screaming 2, electricity resistance
a: Minor Destruction, Lesser Servant of Makhleb, Major Destruction, Greater
Servant of Makhleb, Renounce Religion


You were on level 2 of the Swamp.
You worshipped Makhleb.
Makhleb was exalted by your worship.
You were not hungry.

You visited 5 branches of the dungeon, and saw 27 of its levels.

You collected 2093 gold pieces.
You spent 393 gold pieces at shops.

Inventory:

Hand Weapons
 a - the +5 trident of Awkwardness (weapon) {venom, rF+ rC+}
   (You found it on level 10 of the Dungeon)

   It poisons the flesh of those it strikes.
   It protects you from fire.
   It protects you from cold.
 r - a +1 halberd
Missiles
 g - 7 steel javelins
 x - 10 javelins
 F - 23 tomahawks (quivered)
Armour
 u - a +1 cloak (worn)
 C - a +0 helmet (worn)
 G - a +0 pair of gloves (worn)
 I - a +1 pair of boots (melded)
 T - a +4 ring mail of magic resistance
 U - a +0 ring mail of poison resistance (worn)
Jewellery
 e - an uncursed ring of protection from cold
 n - an uncursed ring of fire
 o - an uncursed ring of protection from magic
 q - an uncursed ring of resist corrosion
 w - a +3 ring of evasion (right hand)
 y - an uncursed ring of stealth
 M - an uncursed ring of see invisible
 W - a +3 ring of protection (left hand)
Wands
 f - a wand of iceblast (4/15)
 A - a wand of teleportation (7/9)
 P - a wand of iceblast (4/15)
 Q - a wand of acid (9/15)
 R - a wand of confusion (14/48)
 S - a wand of digging (11/24)
Scrolls
 c - 5 scrolls of teleportation
 j - 7 scrolls of remove curse
 l - a scroll of recharging
 t - 3 scrolls of fear
 z - 2 scrolls of magic mapping
 D - 3 scrolls of enchant armour
 E - 4 scrolls of enchant weapon
 X - 3 scrolls of identify
Potions
 h - 2 potions of resistance
 i - 3 potions of haste
 m - 3 potions of flight
 p - a potion of curing
 s - 2 potions of invisibility
 H - a potion of cancellation
 J - a potion of agility
 L - 4 potions of might
 N - a potion of magic {unknown}
 Z - 2 potions of brilliance {unknown}
Books
 k - the Grimoire of the Traveller and Confrontation
   (You found it on level 6 of the Lair of Beasts)

   Spells                             Type                      Level
   a - Dazzling Spray                 Conjuration/Hexes            3
   b - Conjure Flame                  Conjuration/Fire             3
   c - Sticky Flame                   Conjuration/Fire             4
   d - Irradiate                      Conjuration/Transmutation    5
   e - Summon Forest                  Summoning/Translocation      5
Comestibles
 d - 11 bread rations
 v - 8 meat rations
 K - 4 chunks of flesh
 O - 9 fruits


   Skills:
 - Level 12.1 Fighting
 - Level 16.4 Polearms
 - Level 10.6 Throwing
 - Level 4.0 Armour
 - Level 12.9 Dodging
 - Level 5.1 Stealth
 + Level 4.2 Unarmed Combat
 - Level 1.0 Spellcasting
 - Level 9.1 Charms
 - Level 5.5 Necromancy
 * Level 6.2 Transmutations
   Level 2.9 Fire Magic
 - Level 8.1 Invocations
 - Level 7.7 Evocations


You had 7 spell levels left.
You knew the following spells:

 Your Spells              Type           Power        Failure   Level  Hunger
a - Statue Form           Tmut/Erth      ##.......    100%        6    #######
q - Regeneration          Chrm/Necr      ###.......   10%         3    ####...


Dungeon Overview and Level Annotations

Branches:
Dungeon (15/15)            Temple (1/1) D:5            Lair (6/6) D:9
  Swamp (3/4) Lair:4        Snake (0/4) Lair:2        Slime (0/5) Lair:5
    Orc (2/2) D:12            Elf (0/3) Orc:2        Vaults (0/5) D:13
 Depths: D:15

Altars:
Ashenzari
Cheibriados
Dithmenos
Elyvilon
Fedhas
Gozag
Hepliaklqana
Makhleb
Nemelex Xobeh
Okawaru
Qazlal
Ru
Sif Muna
Trog
Uskayaw
Vehumet
Xom
Yredelemnul
Zin
The Shining One
Beogh

Shops:
D:9 (   Orc:1 *   Orc:2 [}*%(

Annotations:
D:2 exclusion: adder
D:6 Sigmund
D:7 bees, exclusion: upstairs
D:8 a lot of bees
D:12 JustSomeDude's ghost, journeyman DsFi
Lair:4 exclusion: oklob plant
Swamp:2 exclusion: downstairs


Innate Abilities, Weirdness & Mutations

You revert to your normal form in water.
You are very nimble and swift while swimming.
You are very stealthy in the water.
You are partially covered in large bone plates. (AC +2, SH +2)
You are agile. (Dex +2)
You possess an exceptional clarity of mind.
You sometimes yell uncontrollably at your foes.
You are resistant to electric shocks. (rElec)


Message History

You puncture the swamp worm!
The swamp worm looks as sick as possible!
The swamp worm is heavily wounded.
Trunks creak and shift.
A tree reaches out and hits you!
* * * LOW HITPOINT WARNING * * *
The spriggan druid splashes around in the water.
Unknown command.
You closely miss the swamp worm.
The swamp worm is heavily wounded.
The swamp worm misses you.
Unknown command.
You barely miss the swamp worm.
The swamp worm is severely wounded.
Unknown command.
You closely miss the swamp worm.
The swamp worm is severely wounded.
Branches wave dangerously above you.
You are hit by a branch!
You die...

≈≈≈≈≈≈≈....≈♣♣♣.♣........
#.##... ≈≈..≈≈≈..≈.≈♣
♣♣♣♣....###.#..#...
≈...≈≈≈....♣♣ ≈♣ ♣♣♣....
........
.≈≈.≈≈≈...[≈♣♣≈♣♣ ♣.###
.....♣. ..≈≈≈≈..≈..i≈≈≈.♣
♣. ....≈≈≈.
..≈≈≈≈?♣≈.≈≈≈≈≈.♣
..≈≈≈≈♣≈
...≈...♣♣.≈≈≈≈≈.♣
.≈≈≈.♣♣.
≈≈≈≈..♣♣♣≈.≈§.♣♣♣♣ .≈≈≈≈
♣♣ ≈≈≈..≈♣ ♣♣♣..≈≈♣@♣
.≈≈≈ [§≈..♣♣ ♣♣♣♣wwi♣ ...
♣ .≈.♣♣♣ ♣♣♣†♣♣ ... ♣
...≈♣ ♣≈..♣ ≈≈≈≈♣ ♣♣..♣
.≈≈♣♣ ♣≈≈♣♣ ♣≈♣♣ ♣♣≈♣ ♣♣♣
♣♣♣


You could see a giant leech, a spriggan druid and a swamp worm.

Vanquished Creatures
  A thorn hunter (Swamp:3)
  8 vault guards (D:13)
  3 catoblepae
  5 hydras
  Erica (Lair:2)
  4 ogre magi (Orc:2)
  An alligator (Swamp:2)
  A centaur warrior (D:13)
  18 death yaks
  Urug (D:11)
  An unseen horror (D:14)
  2 swamp dragons
  3 hill giants
  2 orc knights
  2 ugly things (D:12)
  A hornet (Swamp:2)
  A cyclops (D:14)
  2 gargoyles
  2 black mambas
  9 spiny frogs
  2 centaur skeletons
  8 komodo dragons
  A torpor snail (Lair:2)
  8 rime drakes
  7 trolls
  3 meliai (D:14)
  2 polar bears (Lair:6)
  13 two-headed ogres
  A giant leech (Swamp:2)
  A bog body (Swamp:3)
  9 blink frogs
  A shadow (Swamp:2)
  3 spriggans
  5 wraiths
  58 yaks
  9 wyverns (Lair:5)
  3 hungry ghosts
  6 basilisks
  8 hippogriffs
  A soldier ant (D:12)
  5 swamp worms
  2 wargs (Orc:2)
  5 insubstantial wisps (Swamp:2)
  2 nagas (Lair:2)
  11 water moccasins
  9 porcupines
  15 orc warriors
  3 swamp drakes
  2 ice beasts
  A sky beast (D:11)
  A phantom (D:4)
  3 wasps
  3 black bears
  2 necrophages
  12 wolves
  31 ogres
  9 crocodiles
  7 centaurs
  19 giant frogs
  A water moccasin zombie (D:7)
  2 wyvern skeletons
  7 scorpions
  8 killer bees
  4 howler monkeys (D:11)
  4 crimson imps
  A giant frog zombie (D:9)
  7 jellies
  5 centaur zombies
  2 quasits
  16 orc wizards
  A giant frog skeleton (D:10)
  4 hounds
  10 orc priests
  10 iguanas
  6 worker ants
  A hound skeleton (D:5)
  A worker ant zombie (D:7)
  8 adders
  39 river rats
  A shadow imp (D:11)
  3 oozes (Lair:5)
  A worm (D:2)
  3 adder skeletons
  5 dart slugs
  2 giant geckos (D:5)
  63 orcs
  3 giant cockroaches
  6 hobgoblins
  7 jackals
  4 quokkas (D:4)
  A ball python (D:2)
  2 bats (D:1)
  6 giant newts
  3 goblins
  7 kobolds
  4 rats
  A briar patch (Swamp:3)
  A fungus (Lair:6)
619 creatures vanquished.

Vanquished Creatures (collateral kills)
  A frost giant (D:15)
  A war gargoyle (D:15)
  2 ettins
  Josephine (Orc:2)
  4 hydras
  A catoblepas (Lair:6)
  An alligator (Swamp:2)
  A death yak (Lair:6)
  An orc knight (D:11)
  2 orc sorcerers
  A centaur zombie (D:13)
  A blink frog (Lair:1)
  3 yaks (Lair:5)
  A hippogriff (Lair:1)
  A swamp worm (Swamp:3)
  A porcupine (Lair:1)
  5 orc warriors
  A phantom (D:11)
  A giant frog skeleton (D:11)
  An orc priest (Orc:1)
  An iguana (D:11)
  2 river rats (Lair:5)
  2 orcs
  A fungus (Lair:5)
37 creatures vanquished.

Vanquished Creatures (others)
  A briar patch (Swamp:3)
  2 bushes
  5 fungi
  5 plants (Lair:6)
13 creatures vanquished.

Grand Total: 669 creatures vanquished

Notes
Turn   | Place    | Note
-------+----------+-------------------------------------------
     0 | D:1      | Leszczynek the Merfolk Wanderer began the quest for the Orb.
     0 | D:1      | Leszczynek set off with: a +2 spear, Myrec's Handbook of Darkness, a scroll of teleportation, a +0 robe, a bread ration
     0 | D:1      | Reached XP level 1. HP: 13/13 MP: 2/2
     0 | D:1      | Identified Myrec's Handbook of Darkness
     0 | D:1      | hm
   222 | D:1      | Reached XP level 2. HP: 19/19 MP: 3/3
   276 | D:1      | Reached skill level 2 in Dodging
   445 | D:2      | Reached skill level 4 in Polearms
   445 | D:2      | Reached XP level 3. HP: 24/24 MP: 4/4
   523 | D:2      | Reached skill level 2 in Stealth
  1003 | D:3      | Reached skill level 3 in Dodging
  1003 | D:3      | Reached XP level 4. HP: 26/31 MP: 5/5
  1227 | D:4      | Reached skill level 1 in Fighting
  1227 | D:4      | Reached skill level 5 in Polearms
  1384 | D:5      | Entered Level 5 of the Dungeon
  1406 | D:4      | Reached XP level 5. HP: 20/37 MP: 6/6
  1495 | D:4      | Gained mutation: You are partially covered in large bone plates. (AC +2, SH +2) [potion of beneficial mutation]
  1498 | D:4      | noice
  1752 | D:5      | Found a staircase to the Ecumenical Temple.
  1761 | Temple   | Entered the Ecumenical Temple
  1821 | Temple   | Became a worshipper of Makhleb the Destroyer
  1903 | D:5      | Reached skill level 6 in Polearms
  1976 | D:5      | Noticed an ice beast
  2031 | D:5      | Reached skill level 2 in Fighting
  2031 | D:5      | Reached skill level 4 in Dodging
  2031 | D:5      | Reached XP level 6. HP: 34/44 MP: 7/7
  2149 | D:4      | Found a deep blue altar of Sif Muna.
  2152 | D:4      | Found an opulent altar of Gozag.
  2179 | D:4      | Noticed a phantom
  2244 | D:4      | Killed a phantom
  2244 | D:4      | Reached skill level 7 in Polearms
  2285 | D:4      | Found a white marble altar of Elyvilon.
  2500 | D:5      | Killed an ice beast
  2500 | D:5      | Reached skill level 3 in Fighting
  2500 | D:5      | Reached skill level 8 in Polearms
  2500 | D:5      | Reached skill level 5 in Dodging
  2500 | D:5      | Reached XP level 7. HP: 52/52 MP: 8/8
  2786 | D:7      | Reached skill level 9 in Polearms
  2870 | D:6      | Reached skill level 4 in Fighting
  2870 | D:6      | Reached XP level 8. HP: 24/60 MP: 9/9
  2884 | D:6      | Found a glowing golden altar of the Shining One.
  2952 | D:6      | Reached * piety under Makhleb
  2952 | D:6      | Reached skill level 6 in Dodging
  3069 | D:6      | Noticed Sigmund
  3272 | D:7      | Reached skill level 10 in Polearms
  3380 | D:7      | Reached skill level 7 in Dodging
  3425 | D:7      | Reached skill level 5 in Fighting
  3566 | D:7      | Reached skill level 11 in Polearms
  3747 | D:8      | Reached XP level 9. HP: 66/66 MP: 10/10
  3986 | D:8      | Found a snail-covered altar of Cheibriados.
  4013 | D:8      | Reached skill level 8 in Dodging
  4050 | D:8      | Reached skill level 12 in Polearms
  4071 | D:8      | Reached skill level 6 in Fighting
  4179 | D:9      | Gained mutation: You are agile. (Dex +2) [potion of mutation]
  4179 | D:9      | Gained mutation: You occasionally shout uncontrollably at your foes. [potion of mutation]
  4180 | D:9      | Gained mutation: You sometimes yell uncontrollably at your foes. [potion of mutation]
  4180 | D:9      | Gained mutation: You are resistant to electric shocks. (rElec) [potion of mutation]
  4180 | D:9      | Gained mutation: You possess an exceptional clarity of mind. [potion of mutation]
  4241 | D:9      | Reached ** piety under Makhleb
  4295 | D:9      | Noticed a komodo dragon
  4483 | D:9      | Reached skill level 1 in Invocations
  4556 | D:9      | Found Worph's Antique Weapon Shoppe.
  4566 | D:9      | Reached skill level 2 in Invocations
  4826 | D:9      | Got a colourful robe
  4865 | D:9      | Identified the +1 robe of the Lost Wonders {rElec Str+2} (You found it on level 9 of the Dungeon)
  4889 | D:10     | Entered Level 10 of the Dungeon
  4918 | D:10     | Reached skill level 3 in Invocations
  4932 | D:10     | Noticed a troll
  5129 | D:8      | Reached skill level 4 in Invocations
  5267 | D:9      | Reached skill level 7 in Fighting
  5305 | D:10     | Reached XP level 10. HP: 77/77 MP: 13/13
  5373 | D:10     | Reached skill level 13 in Polearms
  5373 | D:10     | Reached skill level 5 in Invocations
  5882 | D:10     | Reached skill level 6 in Invocations
  6116 | D:10     | Reached skill level 8 in Fighting
  6116 | D:10     | Reached skill level 7 in Invocations
  6334 | D:10     | Got a brightly glowing trident
  6335 | D:10     | Identified the +5 trident of Awkwardness {venom, rF+ rC+} (You found it on level 10 of the Dungeon)
  6411 | D:11     | Noticed a hill giant
  6433 | D:11     | Killed a hill giant
  6433 | D:11     | Reached skill level 14 in Polearms
  6433 | D:11     | Reached skill level 8 in Invocations
  6477 | D:11     | Learned a level 3 spell: Regeneration
  6507 | D:11     | Reached XP level 11. HP: 85/85 MP: 17/17
  6519 | D:11     | Reached skill level 1 in Throwing
  6527 | D:11     | Reached skill level 9 in Dodging
  6690 | D:11     | Reached skill level 2 in Throwing
  6692 | D:11     | Reached skill level 9 in Fighting
  6742 | D:12     | Noticed JustSomeDude's ghost (journeyman DsFi)
  6757 | D:11     | Reached *** piety under Makhleb
  6897 | D:11     | Found a roughly hewn altar of Beogh.
  6897 | D:11     | Noticed an orc knight
  6910 | D:11     | Killed an orc knight
  6910 | D:11     | Reached skill level 3 in Throwing
  7021 | D:11     | Noticed Urug
  7036 | D:11     | Killed Urug
  7089 | D:11     | Reached skill level 4 in Throwing
  7293 | D:12     | Noticed a seven-headed hydra
  7322 | D:12     | Killed a seven-headed hydra
  7322 | D:12     | Reached skill level 10 in Dodging
  7338 | D:12     | Noticed a cyan ugly thing
  7356 | D:12     | Noticed a purple ugly thing
  7384 | D:12     | Killed a purple ugly thing
  7392 | D:12     | Killed a purple ugly thing
  7392 | D:12     | Reached skill level 5 in Throwing
  7434 | D:12     | Found a staircase to the Orcish Mines.
  7473 | D:12     | Reached **** piety under Makhleb
  7597 | D:12     | Reached skill level 10 in Fighting
  7692 | D:13     | Reached skill level 6 in Throwing
  7778 | Orc:1    | Entered Level 1 of the Orcish Mines
  7809 | Orc:1    | Reached XP level 12. HP: 93/95 MP: 18/18
  7810 | Orc:1    | Noticed an ettin
  7820 | Orc:1    | Found Mimanumn's Assorted Antiques.
  7843 | Orc:1    | Killed an ettin
  7843 | Orc:1    | Reached skill level 7 in Throwing
  7861 | Orc:1    | Bought a scroll labeled DOOR URHUAZUZI for 33 gold pieces
  7861 | Orc:1    | Bought a scroll labeled DOOR URHUAZUZI for 33 gold pieces
  7861 | Orc:1    | Bought a scroll labeled XUMIESS TAHA for 33 gold pieces
  7861 | Orc:1    | Bought a scroll of identify for 66 gold pieces
  7861 | Orc:1    | Bought a runed ring mail for 132 gold pieces
  8102 | Orc:2    | Entered Level 2 of the Orcish Mines
  8139 | Orc:1    | Reached skill level 8 in Throwing
  8404 | Orc:2    | Found a roughly hewn altar of Beogh.
  8406 | Orc:2    | Found a staircase to the Elven Halls.
  8728 | D:13     | nah, maybe not
  8846 | D:13     | Noticed an eight-headed hydra
  8859 | D:13     | Killed an eight-headed hydra
  8859 | D:13     | Reached skill level 11 in Dodging
  8872 | D:13     | Noticed a centaur warrior
  8889 | D:13     | Killed a centaur warrior
  8899 | D:13     | wut
  8899 | D:13     | armour of the dragon king
  8899 | D:13     | game plz
  8899 | D:13     | wrong character
  8899 | D:13     | no wonder that centaur was so tough
  9124 | D:13     | Reached skill level 2 in Evocations
  9306 | D:14     | Noticed a six-headed hydra
  9312 | D:14     | Reached skill level 3 in Evocations
  9318 | D:14     | Killed a six-headed hydra
  9377 | D:14     | okay, now it's really time for lair
  9377 | D:14     | with my trident :/
  9379 | D:13     | ogres have spoiled me
  9379 | D:13     | i forgot how hard can it be to find a really good weapon early on
  9427 | D:10     | Reached skill level 3 in Stealth
  9599 | D:9      | Reached skill level 4 in Evocations
  9624 | D:9      | Found a staircase to the Lair.
  9694 | Lair:1   | Entered Level 1 of the Lair of Beasts
  9717 | Lair:1   | i have 20/21/2 in lair
  9717 | Lair:1   | jesus
  9717 | Lair:1   | what a change from ogres
  9818 | Lair:1   | Reached skill level 4 in Stealth
  9896 | Lair:1   | Reached skill level 5 in Evocations
 10269 | Lair:2   | Noticed Erica
 10290 | Lair:2   | Reached skill level 6 in Evocations
 10290 | Lair:2   | Reached XP level 13. HP: 100/102 MP: 19/19
 10305 | Lair:2   | Reached skill level 5 in Stealth
 10500 | Lair:2   | Reached skill level 7 in Evocations
 10675 | Lair:2   | Found a staircase to the Snake Pit.
 11295 | Lair:4   | Reached ***** piety under Makhleb
 11365 | Lair:4   | Reached skill level 11 in Fighting
 11365 | Lair:4   | Reached skill level 15 in Polearms
 11515 | Lair:4   | Found a staircase to the Swamp.
 11631 | Lair:5   | Reached skill level 12 in Dodging
 11737 | Lair:5   | Found a staircase to the Slime Pits.
 11979 | Lair:5   | Reached skill level 9 in Throwing
 12224 | Lair:6   | Entered Level 6 of the Lair of Beasts
 12241 | Lair:5   | Reached XP level 14. HP: 89/112 MP: 20/20
 12332 | Lair:5   | Reached skill level 1 in Charms
 12397 | Lair:5   | Reached skill level 2 in Charms
 12475 | Lair:6   | Reached skill level 3 in Charms
 12710 | Lair:6   | Reached ****** piety under Makhleb
 12752 | Lair:6   | Reached skill level 4 in Charms
 12885 | Lair:6   | Reached skill level 5 in Charms
 13028 | Lair:6   | Reached skill level 6 in Charms
 13065 | Lair:6   | Reached skill level 10 in Throwing
 13361 | Lair:6   | Reached skill level 7 in Charms
 13532 | Lair:6   | Reached skill level 1 in Necromancy
 13631 | Lair:6   | Reached skill level 2 in Necromancy
 13787 | Lair:6   | Identified the Grimoire of the Traveller and Confrontation
 13790 | Lair:6   | Got a pair of ichor-stained gloves
 13801 | Lair:6   | Identified the -5 pair of gloves "Luida" {rC+ Dex+5} (You found it on level 6 of the Lair of Beasts)
 13801 | Lair:6   | nice loot
 13946 | Lair:6   | Reached skill level 3 in Necromancy
 14022 | Lair:2   | Killed Erica
 14413 | Orc:2    | Found Jelatrofi's Antique Weapon Emporium.
 14466 | Orc:2    | okay
 14466 | Orc:2    | i found a good weapon
 14466 | Orc:2    | and i'm 1500 gold short
 14583 | Orc:2    | Reached skill level 1 in Armour
 14660 | Orc:2    | Reached skill level 4 in Necromancy
 14760 | Orc:2    | Reached XP level 15. HP: 118/118 MP: 21/21
 14828 | Orc:2    | Reached skill level 2 in Armour
 14851 | Orc:2    | Reached skill level 5 in Necromancy
 14916 | Orc:2    | Paralysed by an ogre mage for 2 turns
 14977 | Orc:2    | Noticed Josephine
 15008 | Orc:2    | Killed Josephine
 15056 | Orc:2    | Found Bujolear's Armour Emporium.
 15056 | Orc:2    | Found Qyirizoq's Gadget Shop.
 15057 | Orc:2    | Found Caet's Assorted Antiques.
 15057 | Orc:2    | Found Yvuh Wyu's Food Shoppe.
 15090 | Orc:2    | Bought a +0 ring mail of poison resistance for 96 gold pieces
 15100 | Orc:2    | i'd rather have my +4 MR ring mail but w/e
 15159 | Orc:2    | Reached skill level 8 in Charms
 15457 | D:13     | Reached skill level 3 in Armour
 15539 | D:13     | Reached skill level 9 in Charms
 15579 | D:13     | Found a gate to the Vaults.
 15665 | D:13     | Reached skill level 16 in Polearms
 15694 | D:14     | Found a shadowy altar of Dithmenos.
 15804 | D:14     | Reached skill level 12 in Fighting
 16043 | D:15     | Entered Level 15 of the Dungeon
 16096 | D:15     | Learned a level 6 spell: Statue Form
 16139 | D:15     | Noticed a frost giant
 16149 | D:15     | Killed a frost giant
 16149 | D:15     | Reached skill level 1 in Unarmed Combat
 16149 | D:15     | Reached skill level 1 in Transmutations
 16215 | D:15     | Noticed an orc warlord
 16244 | D:15     | HP: 8/180 [war gargoyle/great mace (12)]
 16245 | D:15     | Reached skill level 2 in Unarmed Combat
 16594 | Lair:2   | Reached skill level 4 in Armour
 16660 | Swamp:1  | Entered Level 1 of the Swamp
 16706 | Swamp:2  | Reached skill level 2 in Transmutations
 16746 | Swamp:3  | Reached skill level 3 in Unarmed Combat
 16788 | Swamp:3  | Noticed a thorn hunter
 16788 | Swamp:3  | Reached skill level 3 in Transmutations
 16840 | Swamp:3  | Killed a thorn hunter
 16840 | Swamp:3  | Reached skill level 4 in Transmutations
 17017 | Swamp:2  | Reached skill level 5 in Transmutations
 17022 | Swamp:2  | Reached skill level 4 in Unarmed Combat
 17293 | Swamp:2  | Reached skill level 6 in Transmutations
 17296 | Swamp:2  | HP: 10/120 [spriggan druid/angry trees (10)]
 17304 | Swamp:2  | HP: 11/120 [spriggan druid/angry trees (9)]
 17306 | Swamp:2  | HP: 2/120 [spriggan druid/angry trees (9)]
 17309 | Swamp:2  | Killed from afar by a spriggan druid

Vault maps used:
D:1:      lightli_arrival_lavapool
D:2:      first_bread
D:3:      nicolae_ru_the_path_less_chosen
D:4:      nicolae_overflow_hidden_temple
D:5:      serial_corexii_hall, corexii_hall_statues_deadend,
          corexii_hall_statues_x
D:6:      tso_metal_star, minmay_three_doors, uniq_sigmund, uniq_pikel
D:7:      the_bakery, nemelex_diamond_rough_becter
D:8:      basic_altar, kennysheep_cross_bottleneck
D:9:      dpeg_lair_monsters, serial_shops, kennysheep_mini_moat
D:11:     special_room, hangedman_decor_slide_cut, uniq_urug
D:12:     erik_orc_3
D:13:     erik_vaults_2
D:14:     grunt_dithmenos_smoke_and_mirrors
D:15:     hangedman_depths_entry_try_elsewhere_first, corexii_checkpoint_a,
          minmay_the_grid_2x2
Temple:   eino_temple_rhombus
Lair:1:   serial_bayou_shore_b
Lair:2:   guppyfry_snake_entry_garden, minmay_hedge_maze, uniq_erica
Lair:3:   st_stairs_5
Lair:4:   swamp_mist, grunt_megastairs_4
Lair:5:   nicolae_slime_entry_slimehenge
Lair:6:   evilmike_catoblepas_cave, grunt_megastairs_2,
          infiniplex_staircase_pool_2, serial_bayou_shore_b,
          serial_bayou_shore_b
Swamp:1:  hangedman_swamp_ruin_wall
Swamp:2:  evilmike_swamp_ruin_rubble_1
Swamp:3:  evilmike_swamp_ruin_house_5, infiniplex_staircase_pool, uniq_mara
Orc:1:    nicolae_orc_accident_1, serial_shops, shop_fountains,
          statue_in_the_mist_lemuel
Orc:2:    st_orc_ogre_mass, serial_shops, nicolae_shop_statue_plus, basic_altar,
          uniq_josephine

Skill      XL: |  1  2  3  4  5  6  7  8  9 10 11 12 13 14 15 |
---------------+----------------------------------------------+-----
Dodging        | 2 3 4 5 7 8 10 11 12 | 12.9
Polearms       | 4 5 6 8 9 11 12 14 15 16 | 16.4
Stealth        | 2 4 5 |  5.1
Fighting       | 1 2 3 4 5 7 8 10 11 12 | 12.1
Invocations    | 4 8 |  8.1
Throwing       | 6 8 9 10 | 10.6
Evocations     | 6 7 |  7.7
Charms         | 7 9 |  9.1
Necromancy     | 4 5 |  5.5
Armour         | 1 4 |  4.0
Unarmed Combat | 4 |  4.2
Transmutations | 6 |  6.2
Spellcasting   | |  1.0
Fire Magic     | |  2.9

Action                   |  1- 3 |  4- 6 |  7- 9 | 10-12 | 13-15 || total
-------------------------+-------+-------+-------+-------+-------++-------
Melee: Spear             |    86 |   192 |   349 |       |       ||   627
       Trident           |       |       |   245 |   920 |  2048 ||  3213
       Tailslap          |       |       |       |       |    61 ||    61
       Halberd           |       |       |       |       |    11 ||    11
       Punch             |       |       |       |       |     5 ||     5
Throw: Tomahawk          |       |       |       |    17 |    13 ||    30
 Cast: Regeneration      |       |       |       |       |    13 ||    13
Invok: Minor Destruction |       |       |       |    13 |       ||    13
       Lesser Servant of |       |       |       |    11 |    16 ||    27
Evoke: Wand              |       |       |       |       |     2 ||     2
  Use: Scroll            |       |     5 |     3 |    14 |    10 ||    32
       Potion            |       |     1 |     2 |       |    14 ||    17
 Stab: Sleeping          |    10 |     7 |     8 |     4 |     9 ||    38
       Distracted        |       |       |     2 |     7 |     5 ||    14
  Eat: Chunk             |       |     4 |    10 |    17 |    19 ||    50
       Pizza             |       |     1 |       |     1 |     2 ||     4
       Beef jerky        |       |       |     1 |       |     2 ||     3
       Royal jelly       |       |       |       |       |     1 ||     1
Armor: Robe              |     7 |     9 |       |       |       ||    16
       Ring mail         |       |    18 |   102 |   102 |   228 ||   450
       Skin              |       |       |       |       |    16 ||    16
Dodge: Dodged            |    26 |    64 |   337 |   412 |   990 ||  1829
Block: Other             |       |     9 |    26 |    26 |    80 ||   141
